 Dungeon Crawl Stone Soup version 0.25-a0-292-gaa31f046c4 (webtiles) character file.

Game seed: 11265452418601916520, levelgen mode: deterministic

396 MoonlitKnight the Magician (level 6, -3/32 HPs)
             Began as a Deep Elf Fire Elementalist on Dec 15, 2019.
             Slain by a kobold
             ... wielding a +0 whip
              (5 damage)
             ... on level 3 of the Dungeon.
             The game lasted 00:08:15 (2756 turns).

MoonlitKnight the Magician (DEFE)                   Turns: 2756, Time: 00:08:15

Health: -3/32      AC:  2    Str:  5    XL:     6   Next: 52%
Magic:  9/15       EV: 15    Int: 22    God:
Gold:   94         SH:  0    Dex: 15    Spells: 4/15 levels left

rFire    + . .     SeeInvis .   h - +0 whip
rCold    + . .     Gourm    .   (no shield)
rNeg     . . .     Faith    .   a - +0 robe
rPois    .         Spirit   .   (no helmet)
rElec    .         Reflect  .   d - scarf {rC+ rF+}
rCorr    .         Harm     .   (no gloves)
MR       .....                  (no boots)
Stlth    ++........             (no amulet)
HPRegen  0.10/turn              (no ring)
MPRegen  0.14/turn              (no ring)

@: no status effects
A: no striking features
a: no special abilities


You were on level 3 of the Dungeon.
You were hungry.

You visited 1 branch of the dungeon, and saw 3 of its levels.
You also visited: Sewer.

You collected 94 gold pieces.

Inventory:

Hand Weapons
 h - a +0 whip (weapon)
Missiles
 g - 25 sling bullets
 r - 14 poisoned darts (quivered)
Armour
 a - a +0 robe (worn)
 d - a scarf of resistance (worn)
Scrolls
 b - a scroll of remove curse {unknown}
 e - 2 scrolls of identify {unknown}
 f - 4 scrolls of teleportation {unknown}
 k - 2 scrolls of immolation {unknown}
 l - 2 scrolls of enchant weapon {unknown}
 q - a scroll of blinking {unknown}
Potions
 i - a potion of invisibility {unknown}
 j - a potion of lignification {unknown}
 m - 3 potions of flight {unknown}
 n - 4 potions of curing {unknown}
 o - a potion of degeneration {unknown}
 p - 2 potions of heal wounds {unknown}
Comestibles
 c - 4 rations
 s - 2 chunks of flesh


   Skills:
 + Level 4.7 Dodging
 - Level 2.4 Stealth
 + Level 5.2 Spellcasting
 + Level 3.7 Conjurations
 + Level 1.4 Hexes
 - Level 4.7 Fire Magic


You had 4 spell levels left.
You knew the following spells:

 Your Spells              Type           Power        Failure   Level  Hunger
a - Foxfire               Conj/Fire      ###.         1%          1    None
b - Conjure Flame         Conj/Fire      ###.....     5%          3    ##.....
c - Inner Flame           Hex/Fire       ###.....     9%          3    ##.....
d - Sticky Flame          Conj/Fire      ###.....     17%         4    ####...

Your spell library contained the following spells:

 Spells                   Type           Power        Failure   Level  Hunger
 Fireball                 Conj/Fire      ###.......   43%         5    #####..


Dungeon Overview and Level Annotations

Branches:
Dungeon (3/15)              Sewer (visited)

Altars:
Dithmenos


Message History

The fiery explosion engulfs you!! You resist.
Ouch! That really hurt!
* * * LOW HITPOINT WARNING * * *
The fiery explosion engulfs your foxfire.
Your foxfire completely resists.
You feel Natasha's spirit has finally been put to rest.
The foxfire hits the dart slug.
The dart slug is severely wounded.
The dart slug is engulfed in a cloud of scalding steam.
You kill the dart slug!
Found a chunk of flesh.
Casting: Foxfire (safe; 1% risk of failure)
Confirm with . or Enter, or press ? or * to list all spells.
You conjure some foxfire!
The foxfire hits the kobold but does no damage. x2
The kobold hits you with a +0 whip.
* * * LOW HITPOINT WARNING * * *
The kobold misses you. The kobold hits you with a +0 whip.
You die...

#....≈≈.....≈≈.##
#..#..≈≈.....≈≈..# ###### #
#.........≈≈..###......
#..≈≈.....≈≈....!......
#..≈≈.....≈≈...........
#..##≈≈≈≈≈##..##.......
#..##≈≈≈≈≈##w## .......
##.##........≈.≈.####......
#...........<.@K...........
#..#.#....)÷#########....w.
#.#......###..). ......
#÷......)..# ...%.
....._..##.....###
....#.#............ ..
....############ .....
###..#


You could see a worm and a kobold.

Vanquished Creatures
  Sigmund (D:2)
  A big kobold (Sewer)
  Natasha (thrice) (D:3)
  A gnoll (D:1)
  2 adders (D:2)
  A river rat (D:3)
  An ooze (D:3)
  A dart slug (D:3)
  A leopard gecko (D:1)
  An orc (D:3)
  2 giant cockroaches
  8 goblins
  8 hobgoblins
  5 jackals
  6 kobolds
  A quokka (D:2)
  A ball python (D:3)
  7 bats
  7 frilled lizards
  11 rats
69 creatures vanquished.

Vanquished Creatures (others)
  129 foxfires
129 creatures vanquished.

Grand Total: 198 creatures vanquished

Notes
Turn   | Place    | Note
-------+----------+-------------------------------------------
     0 | D:1      | MoonlitKnight the Deep Elf Fire Elementalist began the
                  | quest for the Orb.
     0 | D:1      | Reached XP level 1. HP: 10/10 MP: 6/6
    39 | D:1      | Reached XP level 2. HP: 15/15 MP: 4/8
   824 | D:1      | Reached XP level 3. HP: 19/19 MP: 8/10
   844 | D:1      | Learned a level 3 spell: Conjure Flame
   848 | D:1      | Learned a level 3 spell: Inner Flame
  1398 | D:2      | Noticed Sigmund
  1407 | D:2      | Killed Sigmund
  1407 | D:2      | Reached skill level 4 in Spellcasting
  1407 | D:2      | Reached XP level 4. HP: 11/24 MP: 4/12
  1407 | D:2      | Reached XP level 5. HP: 12/28 MP: 4/13
  1582 | D:2      | Learned a level 4 spell: Sticky Flame
  1921 | D:2      | Found a faded altar of an unknown god.
  2065 | D:3      | Found a glowing drain.
  2068 | D:3      | Found a shadowy altar of Dithmenos.
  2161 | D:3      | Noticed Natasha
  2166 | D:3      | Killed Natasha
  2225 | D:3      | Noticed Natasha
  2228 | D:3      | Killed Natasha
  2228 | D:3      | Reached XP level 6. HP: 11/32 MP: 13/15
  2249 | Sewer    | Entered a sewer
  2487 | Sewer    | Reached skill level 5 in Spellcasting
  2487 | Sewer    | Reached skill level 1 in Hexes
  2613 | Sewer    | Found a white marble altar of Elyvilon.
  2726 | D:3      | Noticed Natasha
  2734 | D:3      | Killed Natasha
  2756 | D:3      | Slain by a kobold

Levels and vault maps discovered:
D:1:      lightli_arrival_statuegarden, layout_loops_corners,
          hangedman_abyss_or_decor_lesser_grid
D:2:      layout_rooms, chequers_ecumenical_altar_island, uniq_sigmund
D:3:      layout_rooms, lemuel_crystal_altar, cheibrodos_sewer_entry_sluice,
          first_ration, uniq_natasha

Skill      XL: |  1  2  3  4  5  6 |
---------------+-------------------+-----
Dodging        | 3 4 |  4.7
Conjurations   | 3 |  3.7
Spellcasting   | 4 5 |  5.2
Fire Magic     | 4 |  4.7
Hexes          | 1 |  1.4
Stealth        | |  2.4

Action                   |  1- 3 |  4- 6 || total
-------------------------+-------+-------++-------
Melee: Whip              |    14 |    15 ||    29
       Unarmed           |     5 |       ||     5
 Cast: Foxfire           |    39 |    38 ||    77
       Inner Flame       |     1 |     3 ||     4
 Stab: Sleeping          |     1 |       ||     1
  Eat: Chunk             |     1 |     4 ||     5
Armor: Robe              |     6 |     5 ||    11
Dodge: Dodged            |    41 |    21 ||    62

Table legend:
 A = Non-vault XP
 B = Vault XP
 C = Vault XP percentage of total XP
 D = Non-vault monster count
 E = Vault monster count
 F = Vault count percentage of total count
                 A         B        C        D         E       F
            +---------+---------+-------+---------+---------+-------
      Total |     194 |     373 |  65.8 |      53 |      16 |  23.2
            +---------+---------+-------+---------+---------+-------
        D:1 |      49 |       0 |   0.0 |      22 |       0 |   0.0
        D:2 |      51 |     212 |  80.6 |      19 |       1 |   5.0
        D:3 |      94 |      47 |  33.3 |      12 |       3 |  20.0
      Sewer |       0 |     114 | 100.0 |       0 |      12 | 100.0
            +---------+---------+-------+---------+---------+-------
